Map: Void Launch

Players

Yuriprime

  • Race: Zerg Zerg
  • Spawn Location: 6:00

ViS

  • Race: Zerg Zerg

VOD

Have the link to the VOD?

Description

Time

  • Played on: Jan. 7, 2018, 7:57 a.m.
  • Length: 24:18
Show
View Real Time Build Order
Export as new Build Order

Yuriprime Zerg 

Build Orders:  

Get SALT Encoding   

  12  0:04  Drone  
  13  0:18  Overlord  
  13  0:25  Drone  
  14  0:43  Drone  
  14  0:44  Drone x2  
  14  0:49  Extractor  
  16  0:50  Drone  
  16  0:57  Drone  
  18  1:05  Drone  
  19  1:10  Extractor  
  19  1:11  Drone  
  19  1:18  Drone  
  20  1:40  Roach Warren  
  20  1:41  Drone  
  20  1:43  Drone  
  21  1:51  Drone  
  22  2:10  Overlord  
  22  2:30  Lair  
  22  2:41  Drone x4  
  22  2:48  Overlord  
  26  3:31  Spire  
  26  3:37  Roach  
  26  3:38  Roach x2  
  31  3:44  Overlord  
  31  4:11  Mutalisk x3  
  37  4:31  Overlord  
  37  4:32  Drone x3  
  37  4:36  Drone  
  41  4:41  Mutalisk  
  41  4:56  Mutalisk  
  41  5:09  Leviathan  
  41  5:22  Mutalisk  
  41  5:24  Leviathan  
  41  5:44  Zerg Flyer Weapons Level 1  
  41  5:45  Overlord x2  
  41  5:46  Overlord x2, Infestation Pit  
  40  5:50  Leviathan  
  40  6:39  Hive  
  40  6:41  Overlord x4, Roach  
  40  7:03  Brutalisk  
  40  8:11  Mutalisk  
  40  8:12  Mutalisk x4  
  50  8:57  Roach  
  50  9:02  Roach  
  50  9:19  Brutalisk  
  50  9:24  Brutalisk  
  50  9:33  Mutalisk  
  50  9:34  Mutalisk x3  
  58  10:34  Greater Spire  
  58  10:39  Drone  
  59  10:40  Drone x8  
  67  11:07  Hatchery  
  66  11:33  Extractor  
  66  11:34  Extractor  
  66  11:35  Drone  
  66  11:36  Drone x5  
  70  12:32  Drone  
  70  12:33  Drone x7  
  70  12:34  Drone  
  70  12:37  Hatchery  
  70  12:38  Extractor  
  77  12:47  Extractor  
  76  13:11  Drone  
  76  13:12  Drone x8  
  85  13:22  Mutalisk  
  85  13:23  Mutalisk x8  
  85  13:40  Devourer  
  85  13:41  Devourer x8, Drone  
  86  14:02  Corrosive Spray  
  86  14:06  Drone  
  86  14:07  Drone x4  
  86  14:08  Drone x10  
  92  14:34  Drone x3  
  95  14:41  Mutalisk  
  95  14:42  Mutalisk x8  
  113  14:54  Hatchery  
  113  14:59  Mutalisk x2  
  116  15:32  Zerg Flyer Weapons Level 2  
  116  15:45  Mutalisk x6  
  116  15:47  Mutalisk  
  116  15:50  Mutalisk  
  116  15:52  Mutalisk  
  116  15:54  Mutalisk, Extractor  
  116  15:56  Hatchery, Mutalisk  
  114  16:00  Extractor  
  114  16:03  Devourer x6  
  114  16:04  Drone x4  
  114  16:05  Devourer, Drone x4  
  114  16:07  Mutalisk  
  114  16:08  Devourer, Mutalisk x6  
  135  16:10  Devourer  
  135  16:12  Devourer  
  135  16:14  Devourer  
  135  16:38  Mutalisk  
  135  16:39  Mutalisk x3  
  135  16:50  Mutalisk x2  
  135  16:51  Mutalisk  
  135  16:56  Devourer  
  135  16:57  Devourer x3  
  133  17:08  Devourer x2  
  133  17:09  Devourer  
  133  17:38  Mutalisk  
  133  17:39  Mutalisk x3  
  141  17:45  Overlord x3  
  141  17:46  Overlord x3  
  141  18:19  Mutalisk x3  
  111  18:20  Mutalisk x5  
  147  18:21  Mutalisk  
  159  18:32  Mutalisk  
  159  18:33  Mutalisk x12  
  159  18:50  Devourer  
  159  18:51  Devourer x12  
  159  19:01  Zerg Flyer Weapons Level 3  
  159  19:32  Mutalisk  
  159  19:33  Mutalisk x5  
  159  19:34  Overlord x3  
  159  19:35  Overlord x5  
  171  19:51  Mutalisk x3  
  171  19:52  Overlord  
  171  19:53  Overlord x4  
  171  19:54  Overlord  
  177  20:31  Mutalisk  
  177  20:32  Mutalisk x11  
  177  20:33  Mutalisk  
  187  20:49  Devourer  
  187  20:50  Devourer x7  
  187  21:01  Mutalisk  
  187  21:02  Mutalisk x5  
  187  21:09  Mutalisk  
  189  21:10  Mutalisk x4  
  189  21:19  Devourer  
  197  21:20  Devourer x5  
  197  21:51  Mutalisk  
  197  21:52  Mutalisk x3  
  197  21:56  Mutalisk  
  197  22:09  Devourer  
  197  22:10  Devourer x3, Mutalisk  
  197  22:14  Devourer  
Show
View Real Time Build Order
Export as new Build Order

ViS Zerg 

Build Orders:  

Get SALT Encoding   

  18  0:03  Primal Drone  
  19  0:13  Primal Drone  
  19  0:18  Primal Drone  
  21  0:30  Extractor  
  21  0:53  Primal Warden  
  21  0:59  Primal Drone  
  23  1:07  Extractor  
  23  1:15  Primal Drone  
  24  1:23  Primal Drone  
  24  1:28  Primal Drone  
  26  2:03  Primal Drone, Glevig's Den  
  26  2:32  Primal Drone  
  26  2:33  Primal Drone x2  
  29  2:59  Primal Drone  
  29  3:00  Primal Drone x2  
  31  3:28  Primal Drone  
  31  3:29  Primal Drone  
  33  3:39  Murvar's Den  
  32  3:55  Primal Drone  
  33  4:01  Primal Warden  
  33  4:23  Primal Drone x2  
  36  4:40  Primal Drone  
  36  4:42  Primal Attacks Level 1  
  37  4:58  Primal Warden  
  37  5:14  Primal Drone x2  
  39  5:58  Primal Swarm Host x3  
  39  5:59  Primal Swarm Host  
  51  6:01  Primal Swarm Host  
  51  6:02  Primal Swarm Host  
  51  6:04  Dakrun's Den  
  56  6:47  Primal Swarm Host  
  56  6:48  Primal Swarm Host  
  62  7:27  Primal Drone x3  
  62  7:28  Primal Attacks Level 2  
  65  7:50  Primal Swarm Host x2  
  71  8:27  Primal Swarm Host  
  71  8:29  Primal Zergling x4  
  78  8:30  Primal Zergling x5  
  78  8:38  Primal Wurm  
  78  8:39  Primal Wurm  
  86  8:40  Primal Wurm  
  86  9:15  Primal Swarm Host x3  
  97  9:35  Primal Wurm  
  97  9:37  Primal Wurm  
  94  10:28  Primal Swarm Host  
  97  10:40  Aerial Burst Sacs  
  97  11:08  Primal Hive  
  102  11:31  Primal Swarm Host  
  102  11:32  Primal Swarm Host x3  
  102  11:36  Primal Drone  
  102  11:37  Primal Drone x4  
  111  12:48  Primal Warden  
  111  13:12  Primal Swarm Host  
  111  13:13  Primal Swarm Host x4  
  129  13:22  Primal Drone x2  
  129  13:25  Primal Wurm x3  
  131  13:31  Primal Hive  
  131  13:38  Primal Drone x3  
  129  14:31  Primal Swarm Host  
  129  14:32  Primal Swarm Host x3  
  141  15:02  Primal Swarm Host  
  141  15:03  Primal Swarm Host  
  141  15:04  Extractor x2  
  141  15:05  Primal Drone x3  
  141  15:06  Primal Drone x7  
  157  16:14  Primal Swarm Host  
  157  16:15  Primal Swarm Host x5  
  157  16:17  Primal Drone x3  
  157  16:18  Primal Drone x3  
  178  17:41  Primal Swarm Host  
  178  17:42  Primal Swarm Host x5  
  178  17:44  Primal Attacks Level 3  
  178  17:46  Primal Wurm x2  
  200  17:55  Primal Wurm  
  200  17:56  Primal Wurm  
  197  19:10  Primal Swarm Host  
Tags
 
Commander
AbathurDehaka
Matchup
Co-op
Replay Pack
Co-op Speedrun
Add a new tag
Caveats
  • Supply blocks, unpowered buildings, or Contaminate may cause inaccurate times.
  • Supply counts are checked every 10 seconds.